 Dungeon Crawl Stone Soup version 0.27.1 (webtiles) character file.

Game seed: 17403301621026970873

143 chaosape the Changer (level 5, -7/60 HPs)
             Began as a Gnoll Wanderer on Aug 28, 2021.
             Was an Initiate of Hepliaklqana.
             Mangled by a yak (9 damage)
             ... on level 4 of the Dungeon.
             The game lasted 00:19:48 (4152 turns).

chaosape the Changer (Gnoll Wanderer)               Turns: 4152, Time: 00:19:48

Health: -7/60      AC:  6    Str: 12    XL:     5   Next: 25%
Magic:  9/9        EV: 10    Int: 13    God:    Hepliaklqana [......]
Gold:   152        SH:  4    Dex: 10    Spells: 8/10 levels left

rFire    . . .     SeeInvis .   y - +0 mace (venom)
rCold    . . .     Faith    .   b - +0 buckler
rNeg     . . .     Spirit   .   c - +0 ring mail
rPois    .         Reflect  .   u - +1 hat
rElec    .         Harm     .   (no cloak)
rCorr    .         Rampage  .   (no gloves)
Will     .....                  (no boots)
Stlth    ..........             (no amulet)
HPRegen  0.20/turn              s - ring of wizardry
MPRegen  0.11/turn              (no ring)

@: berserking, very quick
A: fangs 1, strong nose, distributed training
a: Renounce Religion


You were on level 4 of the Dungeon.
You worshipped Hepliaklqana.
Hepliaklqana was noncommittal.
You visited 1 branch of the dungeon, and saw 4 of its levels.

You collected 152 gold pieces.

Inventory:

Hand Weapons
 a - a +0 club
 j - a +0 rapier
 k - a +0 falchion
 r - a +1 dagger of draining
 y - a +0 mace of venom (weapon)
Missiles
 i - 95 arrows
 m - 70 stones
 v - 11 poisoned darts
Armour
 b - a +0 buckler (worn)
 c - a +0 ring mail (worn)
 l - a +0 leather armour
 n - a +0 ring mail
 u - a +1 hat (worn)
Jewellery
 s - a ring of wizardry (left hand)
Scrolls
 e - 2 scrolls of amnesia
 f - a scroll of holy word
 h - 3 scrolls of vulnerability
 o - 2 scrolls of noise {unknown}
 q - 2 scrolls of teleportation {unknown}
Potions
 p - a potion of berserk rage
 t - a potion of lignification {unknown}
 w - a potion of degeneration {unknown}
 x - a potion of curing {unknown}
 z - a potion of invisibility {unknown}


   Skills:
 + Level 2.9 Fighting
 + Level 1.4 Short Blades
 + Level 1.4 Long Blades
 + Level 2.9 Axes
 + Level 1.4 Maces & Flails
 + Level 1.4 Polearms
 + Level 1.4 Staves
 + Level 1.4 Slings
 + Level 1.4 Bows
 + Level 1.4 Crossbows
 + Level 1.4 Throwing
 + Level 2.9 Armour
 + Level 1.4 Dodging
 + Level 1.4 Stealth
 + Level 2.9 Shields
 + Level 1.4 Unarmed Combat
 + Level 3.1 Spellcasting
 + Level 2.3 Conjurations
 + Level 1.1 Hexes
 + Level 1.1 Summonings
 + Level 1.1 Necromancy
 + Level 1.1 Translocations
 + Level 5.5 Transmutations
 + Level 1.1 Fire Magic
 + Level 1.1 Ice Magic
 + Level 1.1 Air Magic
 + Level 1.1 Earth Magic
 + Level 1.1 Poison Magic
 + Level 1.6 Invocations
 + Level 2.9 Evocations


You had 8 spell levels left.
You knew the following spells:

 Your Spells              Type           Power      Damage    Failure   Level
a - Sandblast             Erth           10%        2d5       14%         1
b - Magic Dart            Conj           32%        1d4       9%          1

Your spell library contained the following spells:

 Spells                   Type           Power      Damage    Failure   Level
 Beastly Appendage        Tmut           32%        N/A       2%          1
 Passwall                 Tmut/Erth      8%         N/A       9%          2
 Shock                    Conj/Air       24%        1d4       12%         1
 Summon Small Mammal      Summ           20%        N/A       14%         1
 Call Imp                 Summ           5%         N/A       21%         2
 Mephitic Cloud           Conj/Pois/Air  6%         N/A       32%         3
 Stone Arrow              Conj/Erth      12%        3d7       32%         3
 Call Canine Familiar     Summ           5%         N/A       38%         3
 Summon Guardian Golem    Hex/Summ       5%         N/A       38%         3
 Swiftness                Air            5%         N/A       38%         3
 Petrify                  Tmut/Erth      10%        N/A       47%         4
 Airstrike                Air            2%         N/A       77%         4
 Animate Armour           Summ/Erth      10%        N/A       77%         4
 Yara's Violent Unravell  Hex/Tmut       5%         3d4       82%         5
 Iron Shot                Conj/Erth      3%         9d2       100%        6
 Lehudib's Crystal Spear  Conj/Erth      3%         10d2      100%        8


Dungeon Overview and Level Annotations

Branches:
Dungeon (4/15)
 Temple: D:4-7

Altars:
Ashenzari
Hepliaklqana

Shops:
D:3 ?


Innate Abilities, Weirdness & Mutations

You have very sharp teeth.
Your uncanny sense of smell can sniff out nearby items.
Your experience applies equally to all skills.


Message History

The yak gores you.
The ogre hits you with a +0 giant club!!
Ouch! That really hurt!
* * * LOW HITPOINT WARNING * * *
As you read the scroll of identify, it crumbles to dust.
g - 2 scrolls of blinking You block the yak's attack.
Blink to where?
Press: ? - help, Dir - move target, p - ogre
As you read the scroll of blinking, it crumbles to dust.
Blink to where?
Press: ? - help, Dir - move target 2 yaks come into view.
Found a stone staircase leading down.
As you read the scroll of blinking, it crumbles to dust.
The yak bellows! x2
The yak moves out of view.
A yak comes into view.
The yak bellows!
Found a cyan potion and 6 large rocks.
You see here a cyan potion.
A dart slug comes into view.
The dart slug launches a dart at you.
The slug dart hits you but does no damage.
The dart slug launches a dart at you. You block the slug dart.
You hit the dart slug.
The dart slug is poisoned.
The dart slug is severely wounded.
You kill the dart slug!
You see here a dart slug corpse.
An ogre comes into view. It is wielding a +0 giant club.
The ogre shouts!
As you read the scroll of identify, it crumbles to dust.
h - 3 scrolls of vulnerability The yak gores you!
* * * LOW HITPOINT WARNING * * *
It was a potion of berserk rage.
A red film seems to cover your vision as you go berserk!
You feel yourself moving faster!
You feel mighty! The yak gores you!
You die...

))........ ##.####### #.# ∆
.#......# #.# ## ........+ ... ..
##......# #.# . ##......# #.# #
##......# #.# ##......#
#O################ ##......#
#@Y.YY†O.......!.. ##......#
################## .......... ...
YY..Y. ...######## #.# ######
......... #.########
..######################.(.......
.................................
..#######.#######################
..# #.#


You could see 3 yaks and 2 ogres.

Vanquished Creatures
  An orc wizard (D:4)
  An adder (D:3)
  5 dart slugs
  13 orcs
  7 ball pythons
  3 endoplasms
  2 giant cockroaches
  8 hobgoblins
  12 jackals
  3 quokkas
  6 bats
  2 frilled lizards (D:3)
  7 goblins
  6 kobolds
  2 rats (D:1)
78 creatures vanquished.

Notes
Turn   | Place    | Note
-------+----------+-------------------------------------------
     0 | D:1      | chaosape the Gnoll Wanderer began the quest for the Orb.
     0 | D:1      | chaosape set off with the following items: a +0 club, a +0
                  | buckler, a +0 ring mail; and the following spell memorised:
                  | Sandblast; and the following spells available to memorise:
                  | Passwall, Stone Arrow, Petrify
     0 | D:1      | Reached XP level 1. HP: 17/17 MP: 4/4
   502 | D:1      | Reached XP level 2. HP: 17/23 MP: 5/5
   602 | D:1      | Got the Tome of Ashen Transmigration
  2122 | D:2      | Found a faded altar of an unknown god.
  2122 | D:2      | Noticed an Ice Fiend
  2261 | D:2      | Reached XP level 3. HP: 28/28 MP: 7/7
  2541 | D:2      | Reached skill level 1 in Invocations
  2663 | D:2      | Found a broken altar of Ashenzari.
  2749 | D:2      | Reached skill level 1 in Short Blades
  2749 | D:2      | Reached skill level 1 in Long Blades
  2749 | D:2      | Reached skill level 1 in Maces & Flails
  2749 | D:2      | Reached skill level 1 in Polearms
  2749 | D:2      | Reached skill level 1 in Staves
  2749 | D:2      | Reached skill level 1 in Slings
  2749 | D:2      | Reached skill level 1 in Bows
  2749 | D:2      | Reached skill level 1 in Crossbows
  2749 | D:2      | Reached skill level 1 in Throwing
  2749 | D:2      | Reached skill level 1 in Dodging
  2749 | D:2      | Reached skill level 1 in Stealth
  2749 | D:2      | Reached skill level 1 in Unarmed Combat
  2911 | D:3      | Reached XP level 4. HP: 24/34 MP: 8/8
  3118 | D:3      | Learned a level 1 spell: Magic Dart
  3179 | D:3      | Found Neschecvu's Magic Scroll Boutique.
  3258 | D:3      | Reached skill level 1 in Hexes
  3258 | D:3      | Reached skill level 1 in Summonings
  3258 | D:3      | Reached skill level 1 in Necromancy
  3258 | D:3      | Reached skill level 1 in Translocations
  3258 | D:3      | Reached skill level 1 in Fire Magic
  3258 | D:3      | Reached skill level 1 in Ice Magic
  3258 | D:3      | Reached skill level 1 in Air Magic
  3258 | D:3      | Reached skill level 1 in Earth Magic
  3258 | D:3      | Reached skill level 1 in Poison Magic
  3371 | D:3      | Found a hazy altar of Hepliaklqana.
  3545 | D:3      | Became a worshipper of Hepliaklqana the Forgotten
  3745 | D:4      | Reached XP level 5. HP: 7/40 MP: 9/9
  4061 | D:4      | Noticed an ogre
  4099 | D:4      | Noticed a yak
  4128 | D:4      | Noticed a yak
  4128 | D:4      | Noticed a yak
  4129 | D:4      | Noticed a yak
  4149 | D:4      | Noticed an ogre
  4151 | D:4      | HP: 1/40 [yak (10)]
  4152 | D:4      | Mangled by a yak

Illustrated notes

Levels and vault maps discovered:
D:1:      giann_bridges, layout_basic, serial_park_tiny_pond
D:2:      layout_basic, dreamdust_ecumenical_altar_sealed_demon, basic_altar
D:3:      layout_rooms, mainiacjoe_overflow_paths, serial_shops,
          nicolae_shop_window_shopping, amcnicky_mini_rare_corridor_liquid,
          minmay_goblin_kobold_house
D:4:      minmay_angry_zag, layout_basic, fedhas_altar_3

Skill      XL: |  1  2  3  4 |
---------------+-------------+-----
Conjurations   | 2 |  2.3
Invocations    | 1 |  1.6
Short Blades   | 1 |  1.4
Long Blades    | 1 |  1.4
Maces & Flails | 1 |  1.4
Polearms       | 1 |  1.4
Staves         | 1 |  1.4
Slings         | 1 |  1.4
Bows           | 1 |  1.4
Crossbows      | 1 |  1.4
Throwing       | 1 |  1.4
Dodging        | 1 |  1.4
Stealth        | 1 |  1.4
Unarmed Combat | 1 |  1.4
Spellcasting   | 3 |  3.1
Hexes          | 1 |  1.1
Summonings     | 1 |  1.1
Necromancy     | 1 |  1.1
Translocations | 1 |  1.1
Fire Magic     | 1 |  1.1
Ice Magic      | 1 |  1.1
Air Magic      | 1 |  1.1
Earth Magic    | 1 |  1.1
Poison Magic   | 1 |  1.1
Fighting       | |  2.9
Axes           | |  2.9
Armour         | |  2.9
Shields        | |  2.9
Transmutations | |  5.5
Evocations     | |  2.9

Action                   |  1- 3 |  4- 6 || total
-------------------------+-------+-------++-------
Melee: Club              |    25 |       ||    25
       Rapier            |    15 |       ||    15
       Bite              |     8 |     8 ||    16
       Falchion          |    56 |       ||    56
       Dagger            |    67 |    94 ||   161
       Mace              |       |    13 ||    13
 Cast: Magic Dart        |       |     3 ||     3
  Use: Scroll            |       |     6 ||     6
       Potion            |       |     1 ||     1
Armor: Ring mail         |    86 |    39 ||   125
Dodge: Dodged            |    65 |    50 ||   115
Block: Buckler           |    38 |    15 ||    53
       Rpst.: Falchion   |     6 |       ||     6
